Map: Lerilak Crest

Players

Elazer

  • Race: Zerg Zerg
  • League: Grandmaster

AcerBly (Bly) - Winner!

  • Race: Zerg Zerg
  • League: Grandmaster

Event: 2016 WCS Winter Circuit Championship

VOD

Have the link to the VOD?

Description

Time

  • Played on: March 3, 2016, 5:25 a.m.
  • Length: 7:23

All games in this series

Show
View Real Time Build Order
Export as new Build Order

Elazer Zerg 

Build Orders: Pool First 

Get SALT Encoding   

  12  0:00  Drone  
  13  0:08  Drone  
  14  0:14  Extractor  
  14  0:15  Drone  
  14  0:31  Spawning Pool  
  14  0:34  Drone  
  14  0:41  Extractor  
  14  0:42  Drone  
  15  0:50  Overlord  
  15  1:18  Metabolic Boost, Queen  
  17  1:19  Zergling x2  
  17  1:20  Zergling x2  
  17  1:24  Zergling x2  
  20  1:31  Zergling x2  
  21  1:41  Zergling x2  
  22  1:52  Hatchery  
  21  2:00  Overlord  
  21  2:03  Zergling x2  
  22  2:19  Queen  
  22  2:20  Zergling x2  
  25  2:27  Zergling x4  
  26  2:31  Zergling x2  
  27  2:39  Zergling x4  
  29  2:48  Overlord  
  28  2:59  Drone  
  28  3:03  Queen  
  31  3:09  Drone  
  31  3:10  Drone  
  33  3:24  Overlord  
  33  3:31  Drone x2  
  31  3:44  Drone x2  
  27  3:48  Queen  
  27  3:49  Zergling x2  
  27  3:50  Zergling x6  
  27  3:52  Zergling x2  
  34  3:56  Zergling x2  
  34  4:02  Zergling x4  
  37  4:04  Zergling x2  
  37  4:12  Zergling x2  
  36  4:22  Roach Warren  
  36  4:23  Queen  
  32  4:29  Zergling x4  
  33  4:38  Queen  
  35  4:47  Zergling x4  
  36  4:58  Zergling x8  
  29  5:07  Zergling x6  
  29  5:13  Roach  
  27  5:21  Roach  
  24  5:30  Drone  
  25  5:39  Drone  
  26  5:44  Drone  
  26  5:48  Drone  
  27  5:53  Drone  
  28  6:00  Roach  
  30  6:04  Roach  
  30  6:10  Roach  
  32  6:15  Roach  
  34  6:22  Roach  
  27  6:34  Roach  
  22  6:41  Zergling x6  
  22  6:42  Zergling x2  
  23  6:48  Roach  
  21  6:54  Roach  
  23  7:06  Zergling x2  
Show
View Real Time Build Order
Export as new Build Order

AcerBly Zerg - Winner!

Build Orders: Pool First 

Get SALT Encoding   

  12  0:01  Drone  
  13  0:08  Drone  
  13  0:13  Extractor  
  13  0:29  Spawning Pool  
  13  0:32  Drone  
  13  0:36  Drone  
  13  0:42  Extractor  
  13  0:45  Drone  
  15  0:55  Overlord  
  15  1:16  Metabolic Boost, Zergling x2  
  16  1:19  Queen  
  16  1:23  Zergling x2  
  19  1:26  Zergling x2  
  19  1:30  Zergling x2  
  21  1:40  Zergling x2  
  22  1:55  Hatchery  
  21  2:02  Zergling x2  
  21  2:05  Overlord  
  21  2:28  Zergling x10  
  25  2:34  Queen  
  27  2:42  Drone  
  28  2:46  Drone  
  29  3:03  Overlord  
  29  3:11  Zergling x8  
  32  3:19  Zergling x2  
  33  3:23  Baneling Nest  
  32  3:33  Zergling x6  
  32  3:41  Zergling x4  
  32  3:49  Zergling x2  
  32  3:50  Zergling x2  
  33  4:02  Zergling x2  
  33  4:03  Zergling x4  
  32  4:14  Zergling x4  
  28  4:26  Zergling x4  
  29  4:33  Baneling x3  
  29  4:34  Baneling x2  
  29  4:39  Zergling x2  
  29  4:43  Baneling x2  
  25  5:01  Zergling x4  
  25  5:02  Zergling x4  
  26  5:09  Zergling x4  
  24  5:27  Zergling x6  
  24  5:28  Zergling x2  
  23  5:36  Zergling x4  
  25  5:44  Baneling x2  
  25  5:50  Zergling x6  
  25  5:53  Baneling  
  25  5:55  Baneling  
  28  6:00  Drone x2  
  28  6:03  Drone  
  31  6:12  Drone x2  
  33  6:23  Baneling  
  29  6:36  Zergling x2  
  29  6:37  Zergling x2  
  28  6:46  Zergling x4  
  28  6:47  Zergling x8  
  31  6:55  Baneling x2  
  31  7:07  Drone x4  
Tags
 
Add a new tag
Caveats
  • Supply blocks, unpowered buildings, or Contaminate may cause inaccurate times.
  • Supply counts are checked every 10 seconds.